 Dungeon Crawl Stone Soup version 0.31.0-1-g2c135a0 (webtiles) character file.

Game seed: 8361296532774188210

2251 alkersh the Grappler (level 9, -1/78 HPs)
             Began as a Troll Fighter on Feb 25, 2024.
             Was a Believer of Hepliaklqana.
             Slain by a killer bee (6 damage)
             ... while paralysed by a hornet
             ... on level 7 of the Dungeon.
             The game lasted 00:24:07 (5032 turns).

alkersh the Grappler (Troll Fighter)                Turns: 5032, Time: 00:24:08

Health: -1/78      AC:  9    Str: 30    XL:     9   Next: 15%
Magic:  16/16      EV:  1    Int:  4    God:    Hepliaklqana [**....]
Gold:   398        SH:  0    Dex:  9    Spells: 8/8 levels left

rFire   . .          .
                       - Unarmed
rCold   . . .        b - +0 kite shield
rNeg    . . .        a - +0 robe
rPois   +            (helmet restricted)
rElec   .            v - +0 cloak {rPois}
rCorr   .            (gloves unavailable)
SInv    .            (boots unavailable)
Will    .....        (no amulet)
Stlth   +            y - ring of magical power
HPRegen 1.13/turn    (no ring)
MPRegen 0.15/turn

%: no passive effects
@: paralysed, lethally poisoned (-1 -> -2), slowed
A: reduced essence, large, unfitting armour, claws 3, regeneration 1, shaggy fur
1, tough skin 1, iridescent scales 2, low MP 1
a: Renounce Religion, Recall Ancestor, Ancestor Identity


You were on level 7 of the Dungeon.
You worshipped Hepliaklqana.
Hepliaklqana was pleased with you.
You visited 2 branches of the dungeon, and saw 8 of its levels.
You also visited: Sewer.

You collected 398 gold pieces.

Inventory:

Hand Weapons
 o - a +0 giant club
 u - a +4 quarterstaff of chaos
Missiles
 f - 64 stones (quivered)
 h - 5 javelins
 m - 13 poisoned darts
Armour
 a - a +0 robe (worn)
 b - a +0 kite shield (worn)
 e - a +2 pair of boots
 v - a +0 cloak of poison resistance (worn)
Magical Staves
 p - a staff of conjuration
Jewellery
 y - a ring of magical power (left claw)
Wands
 l - a wand of polymorph (6)
 x - a wand of flame (28)
Scrolls
 i - 2 scrolls of teleportation
 k - a scroll of vulnerability
 n - 2 scrolls of fear
 q - 4 scrolls of enchant weapon
 r - a scroll of fog
 C - a scroll of revelation
 D - a scroll of enchant armour {unknown}
Potions
 c - a potion of might
 d - a potion of mutation
 g - a potion of lignification
 j - 3 potions of enlightenment
 s - 3 potions of invisibility
 t - a potion of resistance {unknown}
 w - 2 potions of curing {unknown}
 z - 2 potions of heal wounds {unknown}
 A - a potion of brilliance
 B - a potion of ambrosia


   Skills:
 * Level 4.8 Fighting
 + Level 5.0 Dodging
 - Level 0.6 Stealth
 + Level 5.5 Shields
 + Level 8.3 Unarmed Combat


You had 8 spell levels left.
You didn't know any spells.
Your spell library contained the following spells:

 Spells                   Type           Power      Damage    Failure   Level
 Magic Dart               Conj           0%         1d3       71%         1
 Sandblast                Erth           0%         2d4       71%         1
 Blink                    Tloc           0%         N/A       83%         2
 Call Imp                 Summ           0%         N/A       83%         2
 Scorch                   Fire           0%         2d5       83%         2
 Passwall                 Erth           0%         N/A       97%         3
 Stone Arrow              Conj/Erth      0%         3d7       97%         3
 Brom's Barrelling Bould  Conj/Erth      0%         2d3       100%        4
 Flame Wave               Conj/Fire      0%         2d4       100%        4
 Summon Cactus Giant      Summ           0%         N/A       100%        6
 Malign Gateway           Summ/Tloc      0%         N/A       100%        7
 Summon Horrible Things   Summ           0%         N/A       100%        8


Dungeon Overview and Level Annotations

Branches:
Dungeon (7/15)             Temple (1/1) D:4           Sewer (visited)

Altars:
Ashenzari
Cheibriados
Dithmenos
Elyvilon
Fedhas
Gozag
Hepliaklqana
Kikubaaqudgha
Makhleb
Nemelex Xobeh
Okawaru
Qazlal
Ru
Sif Muna
Trog
Uskayaw
Vehumet
Wu Jian
Xom
Yredelemnul
Zin
The Shining One

Shops:
D:2 [


Innate Abilities, Weirdness & Mutations

Your life essence is reduced to manifest your ancestor. (-10% HP)
You are too large for most types of armour.
You have claws for hands.
Your natural rate of healing is unusually fast.
You are covered in fur. (AC +1)
You have tough skin. (AC +1)
You are mostly covered in iridescent scales. (AC +4)
Your magical capacity is low. (-10% MP)


Message History

The hornet stings you!
The killer bee stings you but does no damage. x2
Sosibius casts a spell at the hornet.
The puff of frost hits the hornet!
You can move again.
You closely miss the hornet.
The hornet is moderately wounded.
The killer bee stings you but does no damage.
The killer bee misses you. The hornet closely misses you.
The killer bee stings you but does no damage.
The killer bee completely misses you. The hornet stings you!
You are poisoned.
You feel yourself slow down.
You closely miss the hornet.
The hornet is moderately wounded.
You feel very sick. You block the killer bee's attack.
The killer bee barely misses you. The hornet stings you.
You block the killer bee's attack. The killer bee barely misses you.
Sosibius barely misses the hornet.
You miss the hornet.
The hornet is moderately wounded.
You feel very sick. The killer bee barely misses you.
You block the killer bee's attack. The hornet closely misses you.
The killer bee barely misses you. The killer bee completely misses you.
The hornet stings you.
You suddenly lose the ability to move!
Sosibius barely misses the hornet.
The killer bee stings you.
The killer bee stings you but does no damage.
You feel sick. The hornet stings you!
* * * LOW HITPOINT WARNING * * *
The killer bee stings you.
* * * LOW HITPOINT WARNING * * *
The killer bee stings you.
* * * LOW HITPOINT WARNING * * *
Sosibius hits the hornet with a +0 quarterstaff.
The hornet stings you but does no damage.
The killer bee stings you.
* * * LOW HITPOINT WARNING * * *
The killer bee stings you.
You die...

#..###....
#..###.####..!........##
........# #.............
...###..# #.............
........# #.............
..#####.# #.............
..##....# #.............
..##.#### #....yyy......
..##.# #....R@.....#
..##.# #...........#
..##.###########.######
..##......#......#
..#######.#.###### ###
#.#.# #.#.# #.#.# #.#.#


You could see the friendly Sosibius the battlemage, a hornet (ally target) and 2
killer bees.

Vanquished Creatures
  Menkaure (D:4)
  Pargi (Sewer)
  A sky beast (D:6)
  An ice beast (D:6)
  2 black bears (D:5)
  2 ogres
  A brain worm (Sewer)
  A bullfrog (D:7)
  5 scorpions
  A bombardier beetle (D:5)
  5 jellies
  4 hounds
  Crazy Yiuf (D:4)
  A gnoll bouda (D:5)
  3 iguanas
  A sleepcap (D:4)
  5 adders
  A river rat (D:4)
  7 gnolls
  A white imp (D:6)
  3 dart slugs
  3 ribbon worms
  2 orcs
  11 ball pythons
  8 endoplasms
  5 giant cockroaches
  5 goblins
  4 hobgoblins
  6 jackals
  4 quokkas
  4 bats
  7 frilled lizards
  7 kobolds
  7 rats
121 creatures vanquished.

Vanquished Creatures (collateral kills)
  A sky beast (D:6)
  A phantom (D:5)
  A scorpion (D:6)
  3 killer bees (D:7)
  A hound (D:5)
  A jelly (D:6)
  An adder (D:6)
  A gnoll (D:5)
  A white imp (D:5)
  A jackal (D:5)
12 creatures vanquished.

Grand Total: 133 creatures vanquished

Notes
Turn   | Place    | Note
-------+----------+-------------------------------------------
     0 | D:1      | alkersh the Troll Fighter began the quest for the Orb.
     0 | D:1      | Reached XP level 1. HP: 22/22 MP: 0/0
   182 | D:1      | Reached XP level 2. HP: 29/29 MP: 1/1
   574 | D:1      | Reached XP level 3. HP: 36/36 MP: 2/2
  1379 | D:2      | You fall into a shaft and drop 2 floors!
  1439 | D:4      | Reached XP level 4. HP: 35/44 MP: 3/3
  1466 | D:4      | Noticed Menkaure
  1475 | D:4      | Killed Menkaure
  1476 | D:4      | Reached skill level 3 in Unarmed Combat
  1476 | D:4      | Reached XP level 5. HP: 34/53 MP: 4/4
  1617 | D:4      | Noticed an ogre
  1624 | D:4      | Killed an ogre
  1625 | D:4      | Reached skill level 4 in Unarmed Combat
  1625 | D:4      | Reached XP level 6. HP: 13/61 MP: 5/5
  1781 | D:4      | Found a glowing drain.
  1785 | Sewer    | Entered a sewer
  1803 | Sewer    | Noticed Pargi
  1831 | Sewer    | Killed Pargi
  1832 | Sewer    | Reached skill level 5 in Unarmed Combat
  1990 | D:4      | Found a staircase to the Ecumenical Temple.
  2021 | Temple   | Entered the Ecumenical Temple
  2035 | Temple   | Became a worshipper of Hepliaklqana the Forgotten
  2117 | D:4      | Found a runed translucent door.
  2118 | D:4      | Noticed Crazy Yiuf
  2124 | D:4      | Killed Crazy Yiuf
  2198 | D:5      | Entered Level 5 of the Dungeon
  2309 | D:3      | Gained mutation: You are partially covered in iridescent
                  | scales. (AC +2) [potion of mutation]
  2309 | D:3      | Gained mutation: You are vulnerable to cold. (rC-) [potion
                  | of mutation]
  2309 | D:3      | Gained mutation: You have supernaturally acute eyesight.
                  | (SInv) [potion of mutation]
  2309 | D:3      | Gained mutation: You passively map a small area around you.
                  | [potion of mutation]
  2310 | D:3      | Lost mutation: You passively map a small area around you.
                  | [potion of mutation]
  2310 | D:3      | Lost mutation: You have supernaturally acute eyesight.
                  | (SInv) [potion of mutation]
  2310 | D:3      | Lost mutation: You are vulnerable to cold. (rC-) [potion of
                  | mutation]
  2310 | D:3      | Gained mutation: Your magical capacity is low. (-10% MP)
                  | [potion of mutation]
  2310 | D:3      | Gained mutation: You are mostly covered in iridescent
                  | scales. (AC +4) [potion of mutation]
  2367 | D:3      | Reached XP level 7. HP: 67/67 MP: 5/5
  2976 | D:2      | Found Xoishra's Armour Shoppe.
  3116 | D:2      | Reached * piety under Hepliaklqana
  3318 | D:5      | Reached skill level 6 in Unarmed Combat
  3486 | D:5      | Reached XP level 8. HP: 69/70 MP: 6/6
  3673 | D:5      | Reached ** piety under Hepliaklqana
  3674 | D:5      | Remembered your ancestor Sosibius as a battlemage
  3749 | D:5      | Found a snail-covered altar of Cheibriados.
  3812 | D:5      | Reached skill level 7 in Unarmed Combat
  3957 | D:5      | Found a shimmering blue altar of Sif Muna.
  3968 | D:5      | Reached skill level 5 in Shields
  4735 | D:6      | Reached skill level 8 in Unarmed Combat
  4735 | D:6      | Reached XP level 9. HP: 69/76 MP: 7/7
  5021 | D:7      | Reached skill level 5 in Dodging
  5027 | D:7      | Paralysed by a hornet for 1 turns
  5031 | D:7      | Paralysed by a hornet for 2 turns
  5032 | D:7      | Slain by a killer bee

Illustrated notes

Levels and vault maps discovered:
D:1:      saegor_arrival_under_anarchy, layout_basic
D:2:      layout_basic, serial_shops, shop
D:3:      layout_basic, chequers_serial_rivers_micro_b
D:4:      layout_rooms, minmay_temple_entry_offerings,
          mainiacjoe_sewer_entry_somewhere_in_here_2, uniq_crazy_yiuf_cottage,
          uniq_menkaure
D:5:      layout_gridville, hellmonk_sif_muna_bookshelves, kennysheep_mini_moat
D:6:      layout_loops_cross
D:7:      black_bear_nest_1, layout_basic
Temple:   nicolae_temple_bog_church

Skill      XL: |  1  2  3  4  5  6  7  8  9 |
---------------+----------------------------+-----
Shields        | 3 4 5 |  5.5
Fighting       | 3 4 |  4.8
Dodging        | 3 4 5 |  5.0
Unarmed Combat | 3 4 5 6 8 |  8.3
Stealth        | |  0.6

Action                     |  1- 3 |  4- 6 |  7- 9 || total
---------------------------+-------+-------+-------++-------
  Melee: Unarmed           |    91 |   109 |   180 ||   380
 Invoke: Ancestor Life: Ba |       |       |     1 ||     1
    Use: Scroll            |       |     4 |    11 ||    15
         Potion            |       |     2 |       ||     2
   Stab: Sleeping          |       |     1 |     1 ||     2
         Distracted        |       |       |     3 ||     3
 Armour: Robe              |    47 |    53 |   137 ||   237
  Dodge: Dodged            |    25 |    30 |    92 ||   147
  Block: Kite shield       |    31 |    42 |    85 ||   158
